 Dungeon Crawl Stone Soup version 0.29.1-4-g47bece8355 (webtiles) character file.

Game seed: 11916691236000488836

333 trench the Trooper (level 6, -1/57 HPs)
             Began as a Draconian Venom Mage on Dec 9, 2022.
             Was an Initiate of Yredelemnul.
             Slain by a water moccasin (8 damage)
             ... on level 6 of the Dungeon.
             The game lasted 00:14:07 (3560 turns).

trench the Trooper (Draconian Venom Mage)           Turns: 3560, Time: 00:14:07

Health: -1/57      AC:  6    Str: 12    XL:     6   Next: 27%
Magic:  9/9        EV: 12    Int: 15    God:    Yredelemnul [......]
Gold:   150        SH:  0    Dex: 12    Spells: 8/9 levels left

rFire   + . .      SeeInvis .   g - +0 hand axe (drain)
rCold   + . .      Faith    +   (no shield)
rNeg    . . .      Spirit   .   (body armour unavailable)
rPois   .          Reflect  .   (helmet restricted)
rElec   .          Harm     .   o - scarf {rC+ rF+}
rCorr   .          Rampage  .   (no gloves)
Will    .....                   (no boots)
Stlth   ++........              t - amulet of faith
HPRegen 0.19/turn               (no ring)
MPRegen 0.11/turn               (no ring)

@: no status effects
A: AC +6, unfitting armour, cold-blooded
a: Renounce Religion, Recall Undead Harvest


You were on level 6 of the Dungeon.
You worshipped Yredelemnul.
Yredelemnul was noncommittal.
You visited 1 branch of the dungeon, and saw 6 of its levels.

You collected 150 gold pieces.

Inventory:

Hand Weapons
 b - a +0 club
 g - a +0 hand axe of draining (weapon)
Missiles
 c - 33 stones
 f - 5 poisoned darts
 p - 5 boomerangs
 u - 2 boomerangs of dispersal
Armour
 o - a scarf of resistance (worn)
Jewellery
 t - an amulet of faith (around neck)
Scrolls
 d - a scroll of fear {unknown}
 e - a scroll of identify
 h - 2 scrolls of noise
 i - a scroll of poison {unknown}
 n - 2 scrolls of blinking {unknown}
 q - a scroll of silence {unknown}
 s - 2 scrolls of magic mapping {unknown}
Potions
 a - 2 potions of magic
 j - a potion of ambrosia {unknown}
 k - a potion of heal wounds {unknown}
 l - a potion of brilliance {unknown}
 m - a potion of invisibility {unknown}
 r - a potion of curing


   Skills:
 * Level 5.7 Fighting
 - Level 1.7 Dodging
 - Level 1.7 Stealth
 - Level 2.0 Spellcasting
 - Level 1.0 Transmutations
 + Level 3.8 Poison Magic
 + Level 2.4 Invocations


You had 8 spell levels left.
You knew the following spells:

 Your Spells              Type           Power      Damage    Failure   Level
a - Sting                 Tmut/Pois      32%        1d4       9%          1

Your spell library contained the following spells:

 Spells                   Type           Power      Damage    Failure   Level
 Poisonous Vapours        Pois/Air       14%        N/A       16%         2
 Apportation              Tloc           2%         N/A       22%         1
 Magic Dart               Conj           4%         1d3       22%         1
 Necrotise                Necr           4%         1d4       22%         1
 Summon Small Mammal      Summ           4%         N/A       22%         1
 Call Imp                 Summ           1%         N/A       32%         2
 Mephitic Cloud           Conj/Pois/Air  5%         N/A       36%         3
 Olgreb's Toxic Radiance  Pois           13%        N/A       41%         4


Dungeon Overview and Level Annotations

Branches:
Dungeon (7/15)
 Temple: D:4-7

Altars:
Gozag
Kikubaaqudgha
Trog
Uskayaw
Yredelemnul

Annotations:
D:3 4 runed translucent doors, Crazy Yiuf


Innate Abilities, Weirdness & Mutations

Your plain brown scales are hard. (AC +6)
You cannot fit into any form of body armour.
You are cold-blooded and may be slowed by cold attacks.


Message History

The bullfrog barely misses you.
The shadow imp shouts, "Back with thee, thou odious ill-breeding tiddler!"
The bullfrog attacks as you move away!
The bullfrog hits you but does no damage.
The bullfrog closely misses you.
The water moccasin attacks as you move away!
The water moccasin bites you but does no damage.
The bullfrog swells and bulges.
The bullfrog hits you. The water moccasin bites you.
The bullfrog attacks as you move away! The bullfrog hits you.
* * * LOW HITPOINT WARNING * * *
The bullfrog barely misses you.
The shadow imp laughs crazily.
The bullfrog hits you.
* * * LOW HITPOINT WARNING * * *
The water moccasin closely misses you.
There is a stone staircase leading up here.
The bullfrog hits you but does no damage. x2
The water moccasin closely misses you.
You climb upwards.
The shadow imp shouts!
There is a stone staircase leading down here.
As you read the scroll labelled SYSSYGUIVO, it crumbles to dust.
It is a scroll of enchant armour.
You aren't carrying any armour which can be enchanted further.
The bullfrog hits you.
* * * LOW HITPOINT WARNING * * *
The water moccasin closely misses you.
As you read the scroll labelled ELOUTS UNNAAMU, it crumbles to dust.
It is a scroll of identify.
h - 2 scrolls of noise The bullfrog swells and bulges.
The bullfrog hits you.
* * * LOW HITPOINT WARNING * * *
The water moccasin bites you.
* * * LOW HITPOINT WARNING * * *
The bullfrog closely misses you. The water moccasin bites you!
You die...
Your body rises from the dead as a mindless zombie.

....
...
#..
#5.
#.#
#.#
#.##
#@F#
##S..#
#...#
#..#
..# ##


You could see a water moccasin, a bullfrog and a shadow imp.

Vanquished Creatures
  A hound (D:3)
  2 adders
  3 ball pythons
  6 endoplasms
  2 giant cockroaches
  3 goblins
  7 hobgoblins
  3 quokkas
  7 bats
  5 frilled lizards
  2 rats
41 creatures vanquished.

Vanquished Creatures (collateral kills)
  Grinder (D:3)
  Jessica (D:2)
  A dart slug (D:1)
  A ball python (D:1)
  2 hobgoblins
  A frilled lizard (D:3)
  4 goblins
  3 rats
14 creatures vanquished.

Vanquished Creatures (others)
  2 ball python zombies (D:1)
  3 frilled lizard zombies
  A quokka zombie (D:2)
  2 rat zombies
8 creatures vanquished.

Grand Total: 63 creatures vanquished

Notes
Turn   | Place    | Note
-------+----------+-------------------------------------------
     0 | D:1      | trench the Draconian Venom Mage began the quest for the
                  | Orb.
     0 | D:1      | Reached XP level 1. HP: 14/14 MP: 3/3
    92 | D:1      | Reached skill level 1 in Fighting
   404 | D:1      | Found a faded altar of an unknown god.
   427 | D:1      | Prayed at the altar of an unknown god.
   427 | D:1      | Became a worshipper of Yredelemnul the Dark
   427 | D:1      | Reached * piety under Yredelemnul
   450 | D:1      | Reached XP level 2. HP: 23/24 MP: 5/5
   455 | D:1      | Reached skill level 2 in Fighting
  1221 | D:2      | Reached skill level 3 in Fighting
  1221 | D:2      | Reached XP level 3. HP: 20/31 MP: 1/6
  1780 | D:2      | Noticed Jessica
  1827 | D:2      | Killed Jessica
  1828 | D:2      | Reached skill level 4 in Fighting
  1828 | D:2      | Reached XP level 4. HP: 23/40 MP: 2/7
  2240 | D:3      | Found a hide-covered altar of Uskayaw.
  2307 | D:3      | Found an ancient bone altar of Kikubaaqudgha.
  2319 | D:3      | Noticed Grinder
  2337 | D:3      | Found a runed translucent gate.
  2337 | D:3      | Found a runed translucent gate.
  2338 | D:3      | Found a runed translucent gate.
  2467 | D:3      | Found a runed translucent door.
  2468 | D:3      | Noticed Crazy Yiuf
  2603 | D:3      | Reached skill level 1 in Invocations
  2841 | D:3      | Killed Grinder
  2842 | D:3      | Reached skill level 5 in Fighting
  2842 | D:3      | Reached XP level 5. HP: 21/50 MP: 8/8
  2842 | D:3      | Reached XP level 6. HP: 24/57 MP: 9/9
  2879 | D:3      | Reached ** piety under Yredelemnul
  3397 | D:3      | Found an opulent altar of Gozag.
  3397 | D:3      | Found a bloodstained altar of Trog.
  3489 | D:4      | You fall into a shaft and drop 3 floors!
  3504 | D:7      | Noticed a water moccasin
  3560 | D:6      | Slain by a water moccasin

Illustrated notes

Levels and vault maps discovered:
D:1:      pf_arrival_petrified_forest, layout_basic,
          hellmonk_ecumenical_altar_lost_god, minmay_hexomino_f4
D:2:      layout_rooms, kennysheep_nondescript, hangedman_decor_diamond_cutter,
          uniq_jessica
D:3:      layout_loops_corners, gammafunk_temple_overflow_wave,
          lemuel_tele_altar, nicolae_uskayaw_dance_hall,
          gammafunk_ghost_necromancy, minmay_crystal_water, dk_noncrumbling_2,
          uniq_grinder, uniq_crazy_yiuf_cottage
D:4:      gammafunk_wand_slinger, layout_cave_pools, minmay_temple_entry_waves,
          serial_shops, shop, serial_park, serial_park_tiny_1,
          serial_park_square1 [serial_park_minivault_5x5_7], serial_park_square3
          [serial_park_minivault_5x5_5], serial_park_tiny_2, uniq_ijyb
D:6:      layout_layer_cave, general_overflow_altar, minmay_between,
          uniq_duvessa
D:7:      layout_loops_ring

Skill      XL: |  1  2  3  4 |
---------------+-------------+-----
Fighting       | 1 3 4 5 |  5.7
Invocations    | 2 |  2.4
Dodging        | |  1.7
Stealth        | |  1.7
Spellcasting   | |  2.0
Transmutations | |  1.0
Poison Magic   | |  3.8

Action                   |  1- 3 |  4- 6 || total
-------------------------+-------+-------++-------
Melee: Unarmed           |     6 |       ||     6
       Club              |    15 |       ||    15
       Tailslap          |     7 |     7 ||    14
       Hand axe          |    39 |    44 ||    83
       Punch             |     1 |     1 ||     2
 Cast: Sting             |     6 |     6 ||    12
Invok: Recall Undead Har |     3 |       ||     3
       Stop Recall       |     1 |       ||     1
  Use: Scroll            |       |     2 ||     2
 Stab: Sleeping          |     1 |     4 ||     5
Armor: Skin              |    25 |    19 ||    44
Dodge: Dodged            |    55 |    48 ||   103
